 Dungeon Crawl Stone Soup version 0.21.1 (webtiles) character file.

46 Gorglomux the Shield-Bearer (level 3, 0/34 HPs)
             Began as a Deep Dwarf Fighter on Feb 4, 2018.
             Slain by a gnoll
             ... wielding a +0 whip
              (5 damage)
             ... on level 2 of the Dungeon.
             The game lasted 00:01:29 (799 turns).

Gorglomux the Shield-Bearer (Deep Dwarf Fighter)     Turns: 799, Time: 00:01:30

Health: 0/34       AC:  6    Str: 20    XL:     3   Next: 44%
Magic:  3/3        EV:  8    Int:  8    God:
Gold:   86         SH:  9    Dex: 12    Spells: 2/2 levels left

rFire    . . .     SeeInvis .   a - +0 war axe
rCold    . . .     Gourm    .   c - +0 shield
rNeg     . . .     Faith    .   b - +0 scale mail
rPois    .         Spirit   .   (no helmet)
rElec    .         Reflect  .   (no cloak)
rCorr    .         Harm     .   (no gloves)
MR       .....                  (no boots)
Stlth    ..........             (no amulet)
HPRegen  0.00/turn              (no ring)
MPRegen  0.08/turn              (no ring)

@: non-regenerating
A: damage resistance, heal wounds, sense surroundings 1, no regeneration
a: Heal Wounds


You were on level 2 of the Dungeon.
You were not hungry.

You visited 1 branch of the dungeon, and saw 2 of its levels.

You collected 86 gold pieces.

Inventory:

Hand Weapons
 a - a +0 war axe (weapon)
Armour
 b - a +0 scale mail (worn)
 c - a +0 shield (worn)
Scrolls
 h - 2 scrolls of identify {unknown}
 i - a scroll of magic mapping {unknown}
 j - a scroll of noise {unknown}
Potions
 d - a potion of might
 k - a potion of berserk rage {unknown}
 l - 3 potions of curing {unknown}
 n - 2 potions of invisibility {unknown}
Comestibles
 f - 3 rations
 m - 6 chunks of flesh


   Skills:
 + Level 3.0 Fighting
 + Level 2.7 Axes
 + Level 3.6 Armour
 + Level 1.3 Dodging
 + Level 3.6 Shields


You had 2 spell levels left.
You didn't know any spells.

Dungeon Overview and Level Annotations

Branches:
Dungeon (2/15)

Altars:

Annotations:
D:2 Sigmund


Innate Abilities, Weirdness & Mutations

You are resistant to damage.
You can heal yourself by infusing magical energy.
You passively map a small area around you.
You do not regenerate.


Message History

Something hits you! The gnoll closely misses you!
The gnoll hits you with a whip!
You miss something!
You carve the frilled lizard like a ham!
You annihilate the frilled lizard!!!
You closely butts the butt! You barely miss the gnoll!
You cut the gnoll into butts! The gnoll barely misses you!
The gnoll hits you with a spear! You block the gnoll's attack! x2
You hear some strange, mumbled words!
Something tries to affect you, but you resist!
Unknown command!
You closely miss the gnoll!
The gnoll is severely wounded!
You cut the gnoll but do no damage! You barely miss something!
Butt chop the gnoll into pieces!
The gnoll hits you with a butt! The gnoll barely misses you!
The gnoll hits you with a whip!!! You block the gnoll's attack!
Something hits you!!! * * * don't die
* * * The gnoll hits you but does no damage!
The gnoll hits you with a whip!!! rip

..............#........
,
...............#........
,
...............#........
...............#.>......
...............#........
...............#........
......g....#######......
......{†g..# #...<.. ,
.....Sg@...# #...)..
......g...!# #......
...........# #...... , ,
..........## #...... ,
..........# #.[.... ,
..........# #......
.#..###.### ####### ...*
#.# * *


You could see 4 gnolls and an adder.

Vanquished Creatures
  An adder (D:2)
  An ooze (D:1)
  A leopard gecko (D:1)
  3 giant cockroaches (D:1)
  4 goblins (D:1)
  6 hobgoblins
  6 kobolds
  2 bats (D:1)
  2 frilled lizards
  A jackal skeleton (D:2)
  5 rats (D:1)
32 creatures vanquished.

Notes
Turn   | Place    | Note
-------+----------+-------------------------------------------
     0 | D:1      | Gorglomux the Deep Dwarf Fighter began the quest for the Orb.
     0 | D:1      | Reached XP level 1. HP: 20/20 MP: 1/1
    77 | D:1      | Reached XP level 2. HP: 21/27 MP: 2/2
   375 | D:1      | Reached skill level 1 in Dodging
   455 | D:1      | Reached skill level 3 in Fighting
   474 | D:1      | Reached XP level 3. HP: 24/34 MP: 3/3
   786 | D:2      | Noticed Sigmund
   799 | D:2      | Slain by a gnoll

Skill      XL: |  1  2 |
---------------+-------+-----
Dodging        | 1 |  1.3
Fighting       | 3 |  3.0
Axes           | |  2.7
Armour         | |  3.6
Shields        | |  3.6

Action                   || total
-------------------------++-------
Melee: War axe           ||    97
 Abil: Heal Wounds       ||     4
Armor: Scale mail        ||    41
Dodge: Dodged            ||    66
Block: Shield            ||    90
